Map: Ascension to Aiur LE

Players

LiquidSnute (Snute)

  • Race: Zerg Zerg
  • League: Master
  • Spawn Location: 11:00

aLive - Winner!

  • Race: Terran Terran
  • Spawn Location: 5:00

Event: HomeStory Cup XVI

VOD

Have the link to the VOD?

Description

Time

  • Played on: Nov. 11, 2017, 9:34 a.m.
  • Length: 13:41

All games in this series

Show
View Real Time Build Order
Export as new Build Order

LiquidSnute Zerg 

Build Orders: Pool First 

Get SALT Encoding   

  12  0:00  Drone  
  13  0:12  Overlord  
  13  0:16  Drone  
  14  0:30  Drone x2  
  14  0:34  Drone  
  17  0:44  Spawning Pool  
  17  0:48  Drone  
  17  0:55  Drone  
  18  1:11  Hatchery  
  18  1:14  Drone  
  18  1:16  Extractor  
  17  1:19  Drone  
  18  1:30  Queen  
  18  1:32  Zergling x2  
  21  1:38  Overlord  
  21  1:49  Drone  
  22  2:00  Drone  
  23  2:06  Queen  
  25  2:10  Drone  
  26  2:16  Metabolic Boost  
  26  2:21  Drone  
  27  2:23  Queen  
  27  2:24  Drone  
  30  2:32  Overlord  
  30  2:35  Drone  
  31  2:37  Drone  
  31  2:40  Drone x2  
  35  2:44  Drone  
  35  2:46  Drone  
  36  2:56  Drone x2  
  37  3:01  Hatchery  
  37  3:05  Overlord  
  36  3:07  Drone  
  37  3:16  Drone x3  
  37  3:17  Drone x2  
  37  3:19  Drone x2  
  44  3:26  Overlord  
  44  3:30  Queen  
  44  3:33  Queen  
  48  3:36  Zergling x2  
  48  3:37  Zergling x2  
  50  3:43  Drone x2  
  52  3:50  Zergling x8  
  52  3:52  Drone x2  
  52  3:54  Drone x2  
  60  4:05  Overlord  
  60  4:11  Overlord  
  60  4:13  Queen x3  
  66  4:24  Overlord, Drone x3  
  66  4:25  Drone x3  
  66  4:26  Drone  
  72  4:35  Drone x4  
  72  4:36  Drone  
  77  4:44  Evolution Chamber x2, Drone  
  77  4:45  Drone  
  77  4:47  Drone x3  
  77  4:49  Drone x2  
  82  4:56  Extractor  
  82  4:57  Overlord, Drone  
  82  4:58  Overlord  
  82  4:59  Extractor, Overlord  
  81  5:00  Extractor, Drone x2  
  81  5:03  Extractor x2, Drone  
  81  5:04  Drone  
  82  5:10  Overlord x3  
  82  5:14  Spore Crawler  
  81  5:15  Spore Crawler  
  81  5:18  Spore Crawler  
  81  5:20  Zerg Ground Armor Level 1  
  81  5:21  Zerg Melee Weapons Level 1  
  79  5:23  Drone x3  
  79  5:27  Drone x3  
  85  5:29  Drone  
  85  5:30  Drone x2  
  88  5:42  Drone x2  
  90  5:44  Lair  
  90  5:47  Baneling Nest, Drone x2  
  90  5:49  Drone  
  92  5:52  Hatchery  
  91  5:59  Hatchery  
  90  6:08  Zergling x16  
  90  6:09  Zergling x2  
  99  6:17  Queen x2  
  103  6:24  Overlord, Zergling x2  
  103  6:25  Zergling x12  
  110  6:34  Zergling x4  
  110  6:36  Baneling x4  
  110  6:37  Baneling x2  
  110  6:39  Baneling x3  
  112  6:41  Centrifical Hooks  
  112  6:44  Infestation Pit  
  112  6:45  Spire, Overseer  
  110  6:53  Pneumatized Carapace, Drone x6  
  110  6:54  Drone x3  
  119  7:01  Zergling x2  
  119  7:02  Zergling x4  
  119  7:04  Overlord x2  
  122  7:15  Zerg Melee Weapons Level 2  
  122  7:20  Baneling x7  
  122  7:25  Zergling x22  
  133  7:31  Zerg Missile Weapons Level 1  
  118  7:47  Hive  
  118  7:50  Hydralisk Den  
  117  7:52  Drone x7  
  117  7:53  Drone  
  117  7:55  Extractor x2  
  123  7:58  Corruptor  
  123  7:59  Corruptor x4  
  123  8:03  Drone x5  
  138  8:05  Hatchery  
  138  8:09  Zergling x2  
  138  8:10  Zergling x14  
  144  8:30  Spine Crawler, Muscular Augments, Baneling x3  
  144  8:31  Hydralisk x3  
  144  8:32  Spine Crawler  
  144  8:33  Overlord x3  
  148  8:35  Overlord  
  148  8:36  Overlord  
  148  8:41  Spine Crawler  
  148  8:48  Overlord  
  146  8:50  Hydralisk x2  
  146  8:51  Hydralisk x2  
  152  8:59  Overlord x2  
  152  9:09  Greater Spire  
  152  9:10  Overlord  
  152  9:13  Hydralisk  
  152  9:14  Hydralisk x7  
  168  9:19  Hydralisk x3  
  168  9:23  Baneling x9  
  176  9:31  Hydralisk x4  
  176  9:36  Baneling x10  
  176  9:37  Baneling  
  186  9:42  Hydralisk x5  
  161  9:53  Hydralisk x5  
  161  9:54  Hydralisk  
  145  10:03  Hydralisk x5  
  145  10:07  Zergling x2  
  145  10:08  Zergling x10  
  145  10:12  Zergling x4  
  135  10:15  Hydralisk  
  135  10:16  Hydralisk x2  
  123  10:25  Brood Lord x2  
  118  10:30  Hydralisk x3  
  118  10:35  Zergling x6  
  101  10:38  Hydralisk x2  
  86  10:54  Hydralisk  
  86  10:55  Hydralisk x3  
  81  11:05  Drone x5  
  81  11:06  Drone  
  81  11:09  Drone  
  81  11:10  Drone  
  88  11:12  Drone  
  88  11:13  Drone  
  87  11:28  Hydralisk  
  87  11:29  Hydralisk x3  
  99  11:40  Brood Lord x2  
  99  11:42  Extractor  
  98  11:52  Queen  
  100  12:08  Hatchery  
  88  12:24  Hatchery  
  88  12:25  Infestor x3  
  93  12:31  Drone x3  
  96  12:39  Drone x3  
  96  12:40  Drone  
  100  12:44  Infestor  
  102  12:53  Infestor  
  102  12:58  Queen  
Show
View Real Time Build Order
Export as new Build Order

aLive Terran - Winner!

Build Orders: Gas First Reaper Expand, Reaper Expand, Mech 

Get SALT Encoding   

  12  0:00  SCV  
  13  0:13  SCV  
  14  0:17  Supply Depot  
  14  0:25  SCV  
  14  0:27  Refinery  
  15  0:38  SCV  
  16  0:44  Barracks  
  16  0:50  SCV  
  17  1:02  SCV  
  18  1:15  SCV  
  19  1:31  Reaper, Orbital Command  
  20  1:43  Command Center  
  20  1:54  Factory  
  20  1:57  SCV  
  21  2:04  Refinery  
  21  2:05  Barracks Reactor  
  21  2:09  SCV  
  21  2:14  Supply Depot  
  22  2:21  SCV  
  23  2:35  SCV  
  24  2:40  Starport  
  24  2:42  Marine  
  24  2:43  Marine  
  26  2:47  SCV  
  27  3:02  SCV  
  28  3:06  Orbital Command  
  28  3:11  Hellion x2  
  32  3:16  Medivac, SCV  
  35  3:28  SCV  
  35  3:33  Hellion x2  
  40  3:39  SCV  
  40  3:41  SCV  
  42  3:46  Command Center  
  42  3:52  Viking  
  44  3:56  SCV x2  
  44  3:59  Supply Depot  
  44  4:01  Barracks Tech Lab  
  46  4:15  Supply Depot  
  46  4:21  SCV x2  
  48  4:26  Refinery  
  48  4:27  Refinery  
  48  4:33  SCV x2  
  50  4:40  Armory  
  50  4:43  Armory  
  50  4:45  SCV x2  
  52  4:49  Factory  
  52  4:57  SCV x2, Barracks Tech Lab  
  52  4:58  Factory  
  54  5:00  Orbital Command  
  54  5:02  Starport Reactor  
  54  5:07  Hellion x2  
  54  5:09  SCV x2  
  60  5:18  Orbital Command  
  60  5:21  SCV x2  
  60  5:24  Supply Depot  
  60  5:28  Terran Vehicle Weapons Level 1  
  62  5:31  Terran Vehicle And Ship Armor Level 1  
  62  5:33  SCV x2  
  64  5:37  Hellbat x2  
  64  5:38  Supply Depot  
  68  5:45  Infernal Pre-Igniter  
  68  5:46  SCV  
  68  5:47  SCV x2  
  71  5:58  SCV  
  71  5:59  SCV x2, Hellion x2  
  71  6:00  Supply Depot  
  78  6:06  Thor x2  
  86  6:12  Hellbat x2  
  86  6:13  SCV x2  
  86  6:15  SCV  
  93  6:22  Medivac x2  
  93  6:23  Refinery  
  93  6:25  Refinery  
  97  6:28  Supply Depot  
  97  6:29  SCV x2  
  97  6:30  Supply Depot  
  97  6:31  SCV  
  100  6:41  Factory  
  100  6:43  SCV  
  100  6:44  Factory  
  101  6:49  SCV x2  
  101  6:50  Supply Depot, Hellbat x2  
  101  6:52  Supply Depot  
  107  7:06  Siege Tank x2  
  113  7:08  SCV x3  
  116  7:18  Hellbat  
  116  7:19  Supply Depot x2, Hellbat  
  116  7:20  Supply Depot  
  120  7:26  Terran Vehicle Weapons Level 2, Terran Vehicle And Ship Armor Level 2  
  120  7:29  SCV x3  
  115  7:41  Factory Tech Lab, Hellbat x2  
  105  7:45  Factory Reactor  
  105  7:46  Siege Tank x2  
  105  7:48  Hellion x4  
  105  7:51  Supply Depot, Hellion x2  
  111  7:53  Supply Depot  
  111  7:54  Medivac x2  
  115  8:00  Siege Tank  
  115  8:03  Supply Depot  
  115  8:04  Supply Depot  
  118  8:06  Hellbat x2  
  122  8:21  Hellbat x2  
  122  8:24  Siege Tank x2  
  132  8:27  Hellbat x2  
  132  8:29  Medivac  
  132  8:31  Medivac  
  132  8:32  Siege Tank  
  143  8:35  Supply Depot  
  143  8:37  Supply Depot  
  143  8:43  Hellbat x2  
  147  8:51  Hellbat x2  
  147  8:52  Command Center  
  151  9:04  Hellbat x2  
  151  9:06  Siege Tank x2  
  151  9:07  Siege Tank  
  164  9:12  Hellbat x2  
  168  9:19  Factory  
  168  9:22  Factory  
  168  9:26  Hellbat x2  
  168  9:30  Refinery  
  172  9:32  Refinery  
  172  9:39  Hellbat x2  
  164  9:53  Hellbat x2  
  164  9:54  Viking x2  
  164  9:58  Terran Vehicle Weapons Level 3  
  143  10:18  Thor x3  
  143  10:19  Hellbat x4  
  140  10:31  Engineering Bay  
  132  10:36  Viking x2  
  132  10:45  Factory Tech Lab, Factory Reactor  
  132  10:47  Hellion x4  
  132  10:49  Starport  
  132  10:50  Starport  
  132  10:56  Command Center  
  118  11:06  Hellion x2  
  118  11:07  Hellion x2  
  118  11:10  Viking x2  
  117  11:16  Thor x2  
  124  11:19  Hellion x4  
  124  11:20  Siege Tank x2  
  126  11:37  Hellion x3  
  126  11:38  Hellion x2  
  126  11:39  Hellion  
  138  11:44  Starport Reactor  
  138  11:45  Starport Reactor  
  138  11:47  Viking x2  
  138  11:51  Planetary Fortress  
  142  11:59  Thor  
  147  12:09  Siege Tank x2  
  149  12:22  Viking x5  
  155  12:23  Viking  
  155  12:24  Hellbat x5  
  155  12:25  Hellbat  
  169  12:35  SCV x3  
  172  12:46  Command Center  
  172  12:55  Siege Tank x2  
  172  12:56  Siege Tank x2  
Tags
 
Add a new tag
Caveats
  • Supply blocks, unpowered buildings, or Contaminate may cause inaccurate times.
  • Supply counts are checked every 10 seconds.